Map: Para Site LE

Players

Elazer

  • Race: Zerg Zerg
  • Spawn Location: 5:00

Zanster - Winner!

  • Race: Zerg Zerg
  • Spawn Location: 11:00

Event: WCS Montreal 2018

VOD

Have the link to the VOD?

Description

Time

  • Played on: Sept. 7, 2018, 8:10 p.m.
  • Length: 10:00

All games in this series

Show
View Real Time Build Order
Export as new Build Order

Elazer Zerg 

Build Orders: Pool First, Muta Ling Bane 

Get SALT Encoding   

  12  0:00  Drone  
  13  0:12  Overlord  
  13  0:16  Drone  
  14  0:30  Drone x2  
  14  0:35  Drone  
  17  0:44  Extractor, Drone  
  17  0:49  Spawning Pool  
  16  0:55  Drone  
  17  1:06  Drone  
  18  1:16  Hatchery  
  17  1:20  Drone  
  18  1:35  Queen  
  18  1:36  Zergling x2  
  21  1:43  Metabolic Boost  
  21  1:49  Overlord  
  21  1:52  Zergling x2  
  22  2:08  Zergling x2  
  22  2:11  Queen  
  22  2:13  Baneling Nest  
  22  2:15  Zergling x2  
  25  2:25  Drone  
  25  2:28  Drone  
  27  2:33  Drone  
  28  2:41  Drone  
  28  2:43  Drone x3  
  32  2:48  Overlord  
  32  2:50  Drone  
  33  2:55  Overlord  
  33  2:57  Baneling x2  
  33  3:00  Overlord  
  33  3:09  Overlord  
  33  3:11  Drone  
  34  3:15  Drone x3  
  34  3:17  Drone  
  38  3:25  Overlord  
  38  3:29  Drone  
  38  3:33  Drone x3  
  42  3:43  Hatchery  
  42  3:46  Drone x2  
  42  3:48  Drone  
  44  3:54  Drone x3  
  46  4:02  Overlord  
  46  4:04  Zergling x6  
  49  4:10  Zergling x2  
  49  4:11  Zergling x2  
  49  4:16  Queen  
  52  4:19  Overlord, Lair  
  52  4:20  Zergling x2  
  52  4:21  Baneling  
  53  4:24  Baneling  
  53  4:30  Zergling x8  
  57  4:31  Zergling x2  
  57  4:32  Zergling x4  
  57  4:35  Extractor  
  57  4:36  Extractor  
  58  4:40  Overlord  
  58  4:42  Drone x2  
  58  4:51  Overlord  
  58  4:52  Drone  
  59  4:59  Overlord  
  59  5:02  Drone x2  
  59  5:04  Drone  
  59  5:05  Drone x2  
  59  5:07  Drone  
  64  5:12  Overlord  
  63  5:14  Drone  
  63  5:16  Drone  
  63  5:23  Extractor, Spire  
  63  5:24  Extractor  
  60  5:28  Overlord  
  60  5:30  Drone x2  
  60  5:32  Evolution Chamber  
  60  5:34  Drone  
  60  5:35  Drone x4  
  66  5:36  Drone x2  
  66  5:40  Overlord  
  67  5:49  Zergling x2  
  68  5:50  Zergling x8  
  68  5:51  Overlord  
  71  5:57  Baneling  
  71  6:00  Zerg Melee Weapons Level 1  
  71  6:01  Drone  
  71  6:02  Extractor, Drone x2  
  71  6:03  Drone x2  
  71  6:04  Drone  
  76  6:10  Overlord  
  75  6:21  Overlord  
  74  6:34  Mutalisk x8  
  74  6:39  Zergling x8  
  89  6:47  Mutalisk x2  
  86  7:01  Mutalisk x2  
  86  7:03  Drone x8  
  86  7:05  Drone  
  86  7:08  Drone  
  98  7:14  Overlord, Zerg Flyer Weapons Level 1  
  98  7:16  Drone  
  99  7:23  Drone x2  
  99  7:25  Centrifical Hooks  
  99  7:29  Mutalisk, Hatchery  
  102  7:33  Mutalisk  
  104  7:48  Drone x9  
  104  7:50  Mutalisk  
  115  7:53  Mutalisk x2  
  119  8:00  Mutalisk  
  119  8:01  Overlord  
  119  8:02  Drone x2  
  119  8:03  Drone x2  
  123  8:09  Mutalisk x2, Spine Crawler x2  
  125  8:14  Mutalisk  
  125  8:19  Zergling x6  
  124  8:25  Mutalisk  
  126  8:27  Zergling x12  
  129  8:40  Mutalisk  
  129  8:41  Mutalisk x2  
  118  8:43  Zergling x6  
  118  8:47  Mutalisk  
  114  8:52  Mutalisk  
  114  8:53  Zergling x4  
  106  9:02  Zergling x4  
  107  9:06  Mutalisk  
  108  9:10  Zergling x6  
  109  9:18  Mutalisk x2  
  107  9:24  Zergling x6  
  105  9:31  Mutalisk  
  105  9:33  Zergling x2  
  105  9:34  Zergling x2  
Show
View Real Time Build Order
Export as new Build Order

Zanster Zerg - Winner!

Build Orders: Hatch First 

Get SALT Encoding   

  12  0:00  Drone  
  13  0:13  Overlord  
  13  0:17  Drone  
  14  0:31  Drone x2  
  16  0:36  Drone  
  17  0:52  Hatchery  
  17  0:54  Drone  
  17  0:57  Drone  
  18  1:08  Extractor  
  17  1:13  Spawning Pool  
  17  1:15  Drone  
  18  1:18  Drone  
  18  1:28  Drone  
  19  1:39  Drone  
  20  1:50  Drone  
  21  2:01  Overlord  
  21  2:03  Queen x2  
  21  2:04  Drone  
  21  2:07  Metabolic Boost  
  26  2:11  Drone  
  26  2:15  Drone  
  28  2:24  Zergling x2  
  28  2:26  Zergling x2  
  30  2:32  Drone, Baneling Nest  
  30  2:37  Drone  
  30  2:39  Queen  
  33  2:47  Overlord  
  33  2:48  Zergling x2  
  34  2:54  Drone  
  35  3:00  Drone  
  35  3:04  Evolution Chamber  
  35  3:05  Drone  
  35  3:13  Drone x7  
  35  3:16  Baneling x2  
  42  3:22  Overlord  
  42  3:26  Drone  
  42  3:32  Zerg Missile Weapons Level 1, Overlord  
  42  3:34  Drone  
  44  3:41  Drone  
  44  3:47  Zergling x6  
  47  3:49  Zergling x6  
  50  3:59  Hatchery  
  50  4:00  Baneling x2  
  50  4:02  Overlord  
  48  4:10  Drone x3  
  48  4:16  Extractor, Overlord  
  50  4:18  Drone x3  
  50  4:20  Drone x3  
  50  4:23  Drone  
  57  4:30  Roach Warren  
  57  4:31  Lair  
  56  4:34  Extractor, Drone  
  55  4:46  Drone  
  55  4:47  Drone x2  
  55  4:49  Drone  
  55  4:50  Drone x5  
  64  4:55  Queen  
  64  4:56  Overlord  
  66  5:01  Baneling x2  
  66  5:05  Overlord  
  65  5:10  Roach x2  
  68  5:19  Roach  
  68  5:20  Roach x4  
  78  5:23  Overlord  
  78  5:25  Roach x2  
  82  5:29  Overlord  
  82  5:36  Drone  
  82  5:37  Drone x3  
  82  5:41  Drone  
  82  5:42  Zerg Missile Weapons Level 2  
  87  5:43  Drone, Overlord  
  87  5:45  Extractor x2, Drone  
  87  5:50  Drone x3  
  87  5:52  Overlord  
  87  5:56  Drone x4  
  94  6:01  Extractor, Overlord  
  94  6:02  Overseer  
  93  6:10  Overlord  
  93  6:14  Drone x3, Hatchery  
  93  6:15  Hydralisk Den  
  93  6:16  Glial Reconstitution  
  92  6:21  Drone  
  92  6:22  Drone  
  92  6:23  Roach  
  94  6:28  Roach  
  94  6:29  Roach x5  
  94  6:32  Roach  
  110  6:33  Roach  
  110  6:35  Drone x2  
  111  6:40  Ravager  
  111  6:45  Roach  
  111  6:46  Roach x4  
  113  6:48  Muscular Augments  
  113  6:50  Overlord  
  113  6:53  Drone  
  114  6:56  Drone x6  
  114  6:57  Ravager  
  114  6:58  Drone  
  114  7:01  Spore Crawler x2  
  119  7:05  Spore Crawler  
  113  7:14  Spore Crawler  
  113  7:15  Hydralisk x5  
  107  7:22  Hydralisk x3  
  123  7:26  Hydralisk  
  123  7:27  Hydralisk x2  
  129  7:31  Hydralisk  
  129  7:32  Hydralisk  
  129  7:33  Overlord  
  129  7:36  Hydralisk  
  135  7:37  Hydralisk  
  137  7:45  Hydralisk x2  
  137  7:48  Overlord  
  141  7:52  Roach x3  
  145  8:00  Roach x3  
  145  8:01  Overlord  
  150  8:06  Roach x4  
  158  8:15  Roach x2  
  156  8:21  Spore Crawler, Roach  
  156  8:22  Roach x5  
  156  8:25  Overlord  
  165  8:27  Hydralisk  
  165  8:30  Overlord  
  161  8:39  Hydralisk  
  161  8:40  Hydralisk x6  
  161  8:46  Hydralisk x3  
  149  8:49  Hydralisk  
  139  8:58  Hydralisk x3  
  141  9:08  Roach x4  
  139  9:19  Hydralisk x4  
  129  9:31  Roach  
  129  9:32  Roach x4  
Tags
 
Add a new tag
Caveats
  • Supply blocks, unpowered buildings, or Contaminate may cause inaccurate times.
  • Supply counts are checked every 10 seconds.